 Dungeon Crawl Stone Soup version 0.27-a0-170-g607d9e9d85 (webtiles) character file.

Game seed: 1739526128780720836

2242 Lauz the Carver (level 9, -8/75 HPs)
             Began as a Minotaur Fighter on Sept 7, 2020.
             Was a Follower of Okawaru.
             Mangled by an orc warrior
             ... wielding a +0 hand axe
              (14 damage)
             ... in a bailey on Jan 28, 2021.
             The game lasted 00:19:16 (6101 turns).

Lauz the Carver (Minotaur Fighter)                  Turns: 6101, Time: 00:19:16

Health: -8/75      AC:  9    Str: 31    XL:     9   Next: 14%
Magic:  8/8        EV:  8    Int:  5    God:    Okawaru [*.....]
Gold:   466        SH: 11    Dex:  9    Spells: 8/8 levels left

rFire    . . .     SeeInvis .   a - +0 long sword
rCold    . . .     Faith    .   c - +0 kite shield
rNeg     . . .     Spirit   .   b - +0 scale mail
rPois    .         Reflect  .   (helmet restricted)
rElec    .         Harm     .   (no cloak)
rCorr    .         Rampage  .   x - +0 pair of gloves
Will     .....                  (no boots)
Stlth    ..........             (no amulet)
HPRegen  0.22/turn              n - +6 ring of strength
MPRegen  0.11/turn              (no ring)

@: brilliant, berserk cooldown, slowed, very slow
A: retaliatory headbutt, horns 2
a: Renounce Religion, Heroism


You were in a bailey.
You worshipped Okawaru.
Okawaru was aware of your devotion.
You visited 1 branch of the dungeon, and saw 7 of its levels.
You also visited: Bailey.

You collected 466 gold pieces.

Inventory:

Hand Weapons
 a - a +0 long sword (weapon)
Missiles
 v - 4 boomerangs (quivered)
Armour
 b - a +0 scale mail (worn)
 c - a +0 kite shield (worn)
 x - a +0 pair of gloves (worn)
Jewellery
 n - a +6 ring of strength (left hand)
Scrolls
 e - 9 scrolls of identify
 f - a scroll of remove curse
 i - a scroll of teleportation
 t - a scroll of enchant weapon {unknown}
Potions
 d - 2 potions of flight
 o - a potion of lignification {unknown}
 r - a potion of heal wounds {unknown}
 u - a potion of brilliance
 w - 3 potions of magic


   Skills:
 + Level 6.2 Fighting
 * Level 10.4 Long Blades
 + Level 7.2 Armour
 - Level 0.9 Stealth
 + Level 7.3 Shields
 + Level 0.1 Evocations


You had 8 spell levels left.
You didn't know any spells.
Your spell library was empty.

Dungeon Overview and Level Annotations

Branches:
Dungeon (7/15)             Temple (0/1) D:5          Bailey (1/1)

Altars:
Cheibriados
Kikubaaqudgha
Nemelex Xobeh
Okawaru
Ru
Wu Jian
The Shining One

Portals:
Abyss: D:6

Annotations:
D:6 2 transporters, emiel's ghost, novice TrDe
D:7 Dowan; Duvessa; Prince Ribbit


Innate Abilities, Weirdness & Mutations

You reflexively headbutt those who attack you in melee.
You have a pair of horns on your head.


Message History

You headbutt the orc warrior, but do no damage.
You riposte.
You closely miss the orc warrior.
The orc warrior is lightly wounded.
You hit the orc warrior.
The orc warrior is lightly wounded.
The orc warrior hits you with a +0 war axe!
* * * LOW HITPOINT WARNING * * *
You block the orc's attack. You block the orc warrior's attack.
You block the orc's attack. The orc warrior barely misses you.
The orc warrior hits you with a +0 war axe!
* * * LOW HITPOINT WARNING * * *
It was a potion of magic.
Magic courses through your body. The orc hits you but does no damage.
You block the orc warrior's attack.
The orc warrior hits you with a +0 war axe.
* * * LOW HITPOINT WARNING * * *
It was a potion of brilliance.
You feel clever all of a sudden. You block the orc's attack.
The orc warrior hits you with a +0 hand axe!
You die...

K≈≈.......≈≈'.'
#≈≈.......≈≈###
'≈≈.......≈≈'.'
#≈≈.......≈≈###
K≈≈.......≈≈'.'
#≈≈.......≈≈###
##≈.......≈##
####'''####
##...o@##
#∩/..oo∩#
#...8...#
##.....##
###'### .. ...
....


You could see 2 orc warriors and an orc.

Vanquished Creatures
  Pikel (D:3)
  An orc knight (Bailey)
  A water moccasin (D:6)
  A phantom (D:6)
  3 lemures (D:3)
  An ogre (D:5)
  2 howler monkeys (D:5)
  A quasit (D:5)
  4 hounds
  2 jellies (D:5)
  A bullfrog skeleton (D:5)
  2 centaur skeletons
  3 orc priests (D:3)
  Ijyb (D:3)
  An iguana (D:5)
  5 orc wizards
  4 worker ants (D:4)
  A howler monkey zombie (D:5)
  Robin (D:3)
  11 adders
  5 gnolls
  A white imp (D:6)
  2 ufetubi
  An ooze (D:3)
  2 adder skeletons (D:6)
  2 worms
  2 dart slugs
  A leopard gecko (D:2)
  18 orcs
  12 giant cockroaches
  19 goblins
  14 hobgoblins
  2 jackals (D:2)
  11 kobolds
  5 quokkas
  9 bats
  4 frilled lizards
  A jackal skeleton (D:6)
  13 rats
171 creatures vanquished.

Notes
Turn   | Place    | Note
-------+----------+-------------------------------------------
     0 | D:1      | Lauz the Minotaur Fighter began the quest for the Orb.
     0 | D:1      | Reached XP level 1. HP: 19/19 MP: 0/0
    23 | D:1      | Noticed an electric eel
   210 | D:1      | Reached XP level 2. HP: 26/27 MP: 1/1
   605 | D:1      | Reached XP level 3. HP: 30/33 MP: 2/2
   610 | D:1      | Upgraded the game from 0.26-a0-597-gb535b0901c to
                  | 0.26-a0-1129-gc5df7fbe6a
   823 | D:1      | Reached skill level 3 in Long Blades
  1240 | D:2      | Reached XP level 4. HP: 35/40 MP: 3/3
  1589 | D:1      | Reached XP level 5. HP: 33/47 MP: 4/4
  1784 | D:2      | Reached skill level 5 in Armour
  1891 | D:2      | Found an ancient bone altar of Kikubaaqudgha.
  2025 | D:2      | Found a sacrificial altar of Ru.
  2065 | D:2      | Upgraded the game from 0.26-a0-1129-gc5df7fbe6a to
                  | 0.27-a0-170-g607d9e9d85
  2088 | D:3      | Reached skill level 4 in Long Blades
  2129 | D:3      | Found a glowing golden altar of the Shining One.
  2130 | D:3      | Found an ornate altar of the Wu Jian Council.
  2451 | D:3      | Reached XP level 6. HP: 53/53 MP: 5/5
  2453 | D:3      | Noticed Ijyb
  2465 | D:3      | Killed Ijyb
  2475 | D:3      | Reached skill level 5 in Shields
  2491 | D:3      | Reached skill level 5 in Long Blades
  2538 | D:3      | Noticed Robin
  2549 | D:3      | Killed Robin
  2995 | D:4      | Found a glowing golden altar of the Shining One.
  3049 | D:4      | Noticed Pikel
  3217 | D:3      | Killed Pikel
  3218 | D:3      | Reached skill level 5 in Fighting
  3218 | D:3      | Reached skill level 7 in Long Blades
  3218 | D:3      | Reached XP level 7. HP: 47/61 MP: 6/6
  3403 | D:4      | Reached XP level 8. HP: 60/68 MP: 7/7
  3558 | D:4      | Reached skill level 8 in Long Blades
  3635 | D:4      | Found an iron altar of Okawaru.
  3813 | D:5      | Entered Level 5 of the Dungeon
  3965 | D:5      | Found a sacrificial altar of Ru.
  4048 | D:5      | Reached skill level 9 in Long Blades
  4412 | D:5      | Found a snail-covered altar of Cheibriados.
  4445 | D:5      | Found a sparkling altar of Nemelex Xobeh.
  4565 | D:4      | Became a worshipper of Warmaster Okawaru
  4717 | D:5      | Found a staircase to the Ecumenical Temple.
  4773 | D:6      | Found a transporter.
  4955 | D:6      | Found a one-way gate to the infinite horrors of the Abyss.
  4955 | D:6      | Noticed emiel's ghost (novice TrDe)
  4961 | D:6      | Found a transporter.
  4962 | D:6      | Noticed a large abomination
  5574 | D:6      | Reached skill level 10 in Long Blades
  5944 | D:7      | Noticed Prince Ribbit
  5959 | D:7      | Found a flagged portal.
  5961 | D:7      | Noticed Duvessa
  5962 | D:7      | Noticed Dowan
  5971 | Bailey   | Entered a bailey
  6076 | Bailey   | Noticed an orc knight
  6086 | Bailey   | Killed an orc knight
  6086 | Bailey   | Reached * piety under Okawaru
  6087 | Bailey   | Reached XP level 9. HP: 48/75 MP: 8/8
  6101 | Bailey   | Mangled by an orc warrior

Illustrated notes

Levels and vault maps discovered:
D:1:      arrival_aquarium_a, layout_loops_ring
D:2:      minmay_diamond_boxcup, layout_rooms, general_overflow_altar,
          lemuel_coloured_pillars_altar, minmay_worlds_worst_comb
D:3:      layout_rooms, gammafunk_temple_overflow_pools, uniq_robin, uniq_ijyb
D:4:      layout_rooms, nicolae_overflow_crystal_walls, amcnicky_altar_gilded,
          uniq_pikel
D:5:      layout_loops_ring, kennysheep_mini_moat, kennysheep_slug_shrine,
          temple_hall, basic_altar
D:6:      layout_basic, gammafunk_ghost_abyssal_escape
D:7:      layout_rooms, grunt_temple_overflow_order_and_chaos_1, enter_bailey_5,
          uniq_prince_ribbit1, uniq_menkaure, uniq_duvessa
Bailey:   bailey_axe_3, bailey

Skill      XL: |  1  2  3  4  5  6  7  8 |
---------------+-------------------------+-----
Fighting       | 4 5 6 |  6.2
Armour         | 4 5 6 7 |  7.2
Shields        | 4 5 6 7 |  7.3
Long Blades    | 3 4 7 10 | 10.4
Stealth        | |  0.9
Evocations     | |  0.1

Action                   |  1- 3 |  4- 6 |  7- 9 || total
-------------------------+-------+-------+-------++-------
Melee: Long sword        |    89 |   225 |   161 ||   475
       Headbutt          |     9 |    45 |    44 ||    98
Throw: Boomerang         |       |       |     3 ||     3
Evoke: Wand              |       |       |     2 ||     2
  Use: Potion            |       |     1 |     3 ||     4
       Scroll            |       |       |    10 ||    10
Armor: Scale mail        |    45 |    89 |    47 ||   181
Dodge: Dodged            |    23 |    64 |    56 ||   143
Block: Kite shield       |    48 |   124 |    96 ||   268
       Rpst.: Long sword |     6 |    15 |    18 ||    39

Table legend: (Time is in decaauts)
 A = Elapsed time spent in this place.
 B = Non-inter-level travel time spent in this place.
 C = Inter-level travel time spent in this place.
 D = Time resting spent in this place.
 E = Time spent auto-exploring this place.
 F = Levels seen in this place.
 G = Mean time per level.
                   A        B        C        D        E       F      G
               +--------+--------+--------+--------+--------+-----+--------+
         Total |   6247 |   6010 |    237 |   1266 |   3465 |   8 |  780.9 |
       Dungeon |   6115 |   5878 |    237 |   1186 |   3465 |   7 |  873.6 |
        Bailey |    131 |    131 |      0 |     80 |      0 |   1 |  131.0 |
               +--------+--------+--------+--------+--------+-----+--------+

Top non-repeatable levels by time:
     D:1: 1218 daAuts
     D:6: 1172 daAuts
     D:2: 1151 daAuts
     D:5: 931 daAuts
     D:3: 858 daAuts
     D:4: 749 daAuts
  Bailey: 131 daAuts
     D:7: 33 daAuts
